[Event "Titled Tuesday Blitz March 28 Early 2023"]
[White "Orzech, Dominik"]
[Black "Hnydiuk, Aleksander"]
[WhiteFideId "1115065"]
[BlackFideId "1109057"]
[WhiteElo "2260"]
[BlackElo "2374"]
[Result "0-1"]
[Round "05"]
[TimeControl "180+2"]
[Date "2023.03.28"]
[WhiteClock "0:00:41"]
[BlackClock "0:00:37"]

1. d4 Nf6 2. c4 e6 3. Nc3 Bb4 4. f3 d5 5. a3 Bd6 6. e4 dxe4 7. fxe4 e5 8. d5 a5 9. Nf3 O-O 10. Bd3 Na6 11. O-O Nc5 12. Bc2 Bd7 13. h3 h6 14. Be3 Nh5 15. b4 axb4 16. axb4 Rxa1 17. Qxa1 Na6 18. c5 Nxb4 19. Bb1 Be7 20. Qa3 Na6 21. Nxe5 Bg5 0-1


[Site "https://www.chess.com"]

[Event "Titled Tuesday Blitz March 28 Early 2023"]
[White "Crevatin, Leo"]
[Black "Melaugh, Shane"]
[WhiteFideId "1726307"]
[BlackFideId "2509580"]
[WhiteElo "2190"]
[BlackElo "2034"]
[Result "1/2-1/2"]
[Round "05"]
[TimeControl "180+2"]
[Date "2023.03.28"]
[WhiteClock "0:00:03"]
[BlackClock "0:00:04"]

1. d4 e6 2. c4 f5 3. g3 Nf6 4. Bg2 Be7 5. Nf3 O-O 6. O-O d6 7. b3 Qe8 8. Bb2 Qh5 9. Nbd2 Nc6 10. Re1 e5 11. dxe5 dxe5 12. Nf1 e4 13. Ne5 Nxe5 14. Bxe5 Bb4 15. Bxc7 Bxe1 16. Qxe1 Be6 17. Ne3 Rac8 18. Be5 Rcd8 19. a4 Rd7 20. Bf1 Ng4 21. Nxg4 Qxg4 22. e3 Rfd8 23. Bd4 a6 24. Be2 Qg6 25. Kh1 Qf7 26. Qb4 Qe7 27. Qc3 Rc8 28. c5 Qf7 29. b4 Rcd8 30. b5 axb5 31. axb5 Bd5 32. Kg1 h5 33. h4 g6 34. Ra7 Kh7 35. Kh2 Rc8 36. Qa5 Bc4 37. Bxc4 Qxc4 38. c6 Qe2 39. Kg1 Qd1+ 40. Kg2 Qf3+ 41. Kg1 Rdc7 42. Qc3 bxc6 43. b6 Qd1+ 44. Kg2 Qf3+ 45. Kg1 Qd1+ 46. Kg2 Qf3+ 47. Kg1 1/2-1/2


[Site "https://www.chess.com"]

[Event "Titled Tuesday Blitz March 28 Early 2023"]
[White "Derjabin, Ilja"]
[Black "Boraso, Alessio"]
[WhiteFideId "14104768"]
[BlackFideId "848077"]
[WhiteElo "2309"]
[BlackElo "2286"]
[Result "1-0"]
[Round "05"]
[TimeControl "180+2"]
[Date "2023.03.28"]
[WhiteClock "0:00:19"]
[BlackClock "0:00:02"]

1. d4 Nf6 2. c4 e6 3. Nc3 d5 4. cxd5 exd5 5. Bg5 Be7 6. e3 O-O 7. Bd3 h6 8. Bh4 c6 9. Nge2 Re8 10. Qc2 Na6 11. a3 Nc7 12. O-O Ne6 13. f3 Ng5 14. Rae1 Bd6 15. Ng3 Nd7 16. Kh1 Qc7 17. f4 Ne6 18. Nf5 Bf8 19. g4 g6 20. Nxh6+ Bxh6 21. Bxg6 fxg6 22. Qxg6+ Ng7 23. Qxh6 Nf8 24. Bf6 Qf7 25. Rg1 Qg6 26. Qh4 Kf7 27. Be5 Qh7 28. Qg3 Ng6 29. f5 Nh4 30. Ne2 Rh8 31. Nf4 Bd7 32. Ref1 Rag8 33. Ne6 Ke8 34. Nxg7+ Rxg7 35. Bf6 Rf7 36. Qe5+ Kf8 37. Bxh8 1-0


[Site "https://www.chess.com"]

[Event "Titled Tuesday Blitz March 28 Early 2023"]
[White "Degenbaev, Aziz"]
[Black "Shukhman, Anna"]
[WhiteFideId "13802640"]
[BlackFideId "54180058"]
[WhiteElo "2152"]
[BlackElo "2125"]
[Result "1-0"]
[Round "05"]
[TimeControl "180+2"]
[Date "2023.03.28"]
[WhiteClock "0:00:11"]
[BlackClock "0:00:18"]

1. e4 c5 2. Nf3 e6 3. d4 cxd4 4. Nxd4 a6 5. c4 Nf6 6. Nc3 Qc7 7. a3 Nc6 8. Be3 Be7 9. Rc1 O-O 10. Be2 Nxd4 11. Qxd4 e5 12. Qd3 d6 13. O-O Be6 14. Nd5 Bxd5 15. cxd5 Qa5 16. b4 Qd8 17. f3 Nd7 18. Rc2 b5 19. Rc6 Nb8 20. Rc3 Nd7 21. Rfc1 Nb6 22. Qd2 Qb8 23. Rc6 Na4 24. Bd1 a5 25. Bxa4 bxa4 26. Rb6 Qe8 27. b5 Qd7 28. Rbc6 Rfc8 29. b6 f5 30. Rc7 Rxc7 31. Rxc7 Qe8 32. Qc3 fxe4 33. b7 Rd8 34. Rc8 exf3 35. b8=Q Qg6 36. Rxd8+ Kf7 37. Qd2 Bxd8 38. Qxd8 Qb1+ 39. Kf2 fxg2 40. Qd7+ Kf8 41. Qxd6+ Kf7 42. Qe6+ Kf8 1-0


[Site "https://www.chess.com"]

[Event "Titled Tuesday Blitz March 28 Early 2023"]
[White "Bochnicka, Vladimir"]
[Black "Fiorito, Joaquin"]
[WhiteFideId "14943450"]
[BlackFideId "180173"]
[WhiteElo "2094"]
[BlackElo "2157"]
[Result "1-0"]
[Round "05"]
[TimeControl "180+2"]
[Date "2023.03.28"]
[WhiteClock "0:00:05"]
[BlackClock "0:00:02"]

1. e4 c6 2. d4 d5 3. e5 Bf5 4. h4 h5 5. c4 e6 6. Nc3 Ne7 7. Nf3 Bg4 8. Bg5 Nd7 9. cxd5 exd5 10. Bd3 Qb6 11. O-O Bxf3 12. Qxf3 Qxd4 13. e6 fxe6 14. Rfe1 Ne5 15. Rxe5 Qxe5 16. Bf4 Qf6 17. Re1 Ng6 18. Bg5 Qf7 19. Qh3 Nf4 20. Bxf4 Qxf4 21. Qxe6+ Kd8 22. Bf5 Qd6 23. Qe8+ Kc7 24. Qxa8 g6 25. Qc8+ Kb6 26. Bd3 Bg7 27. Na4+ Ka5 28. Qxb7 Kxa4 29. Qxa7+ Kb4 30. Qa3# 1-0


[Site "https://www.chess.com"]

[Event "Titled Tuesday Blitz March 28 Early 2023"]
[White "Ibadov, Dashgyn"]
[Black "Manon-og, Ramon Jr."]
[WhiteFideId "24107514"]
[BlackFideId "5200776"]
[WhiteElo "2208"]
[BlackElo "2367"]
[Result "1-0"]
[Round "05"]
[TimeControl "180+2"]
[Date "2023.03.28"]
[WhiteClock "0:00:11"]
[BlackClock "0:00:05"]

1. e4 c5 2. Nc3 d6 3. d4 cxd4 4. Qxd4 Nc6 5. Qd2 a6 6. b3 Nf6 7. Bb2 e6 8. O-O-O Be7 9. f3 O-O 10. g4 Nxg4 11. Kb1 Bg5 12. f4 Bh6 13. h3 Qh4 14. Nf3 Qh5 15. hxg4 Qxh1 16. Be2 Qg2 17. g5 Bxg5 18. Nxg5 e5 19. Nd5 Bg4 20. Bxg4 Qxg4 21. Qf2 Qxd1+ 22. Bc1 Rac8 23. f5 Nd4 24. c4 Ne2 25. Qe3 Nxc1 26. Qxc1 Qxc1+ 27. Kxc1 Rcd8 28. Kd2 h6 29. Nf3 g6 30. f6 Kh7 31. Nh4 h5 32. Ke3 Kh6 33. a4 Kg5 34. Nf3+ Kg4 35. Nh2+ Kg3 36. Nf1+ Kg2 37. Ke2 h4 38. Nde3+ Kg1 39. Nd2 h3 40. Nf3+ Kh1 41. Kf1 Rh8 42. Ng4 1-0


[Site "https://www.chess.com"]

[Event "Titled Tuesday Blitz March 28 Early 2023"]
[White "Bilan, Danila"]
[Black "Real_taiatai"]
[WhiteFideId "24161918"]
[WhiteElo "2182"]
[BlackElo "2363"]
[Result "1-0"]
[Round "05"]
[TimeControl "180+2"]
[Date "2023.03.28"]
[WhiteClock "0:00:08"]
[BlackClock "0:00:20"]

1. d4 Nf6 2. Nf3 e6 3. g3 d5 4. Bg2 Be7 5. O-O O-O 6. c4 dxc4 7. Qa4 a6 8. Qxc4 b5 9. Qc2 Bb7 10. Bf4 Nc6 11. Nc3 Nb4 12. Qb3 Nbd5 13. Rfd1 Nxc3 14. Qxc3 Nd5 15. Qc2 Nxf4 16. gxf4 Qd6 17. Rac1 Bxf3 18. Bxf3 Rac8 19. e3 Rfd8 20. Qc6 Qxc6 21. Rxc6 Rd6 22. Rdc1 Rxc6 23. Rxc6 a5 24. Ra6 a4 25. Bc6 Rb8 26. Ra7 Bd6 27. Kg2 g6 28. Kf3 Rb6 29. Be8 Kf8 30. Ra8 Ke7 31. e4 c6 32. Rc8 Rb8 33. Rxb8 Bxb8 34. Bxc6 a3 35. bxa3 Bd6 36. Bxb5 Bxa3 37. d5 exd5 38. exd5 Kd6 39. Bc6 f6 40. f5 g5 41. Kg4 Ke7 42. Kh5 Kf7 43. h4 gxh4 44. Kxh4 Kg7 45. Be8 Bc5 46. f3 Ba3 47. Bh5 Kh6 48. Kg4 Kg7 49. Kf4 Kh6 50. Be8 Kg7 51. Ke4 Kf8 52. Bh5 Ke7 53. Kd4 Kd6 54. Kc4 Ke5 55. Bf7 Kxf5 56. Kb5 Ke5 57. Kc6 h6 58. Bh5 Kf5 59. d6 Ke6 60. d7 Be7 61. a4 Bd8 62. Bg4+ Ke7 63. Kb7 Kd6 64. Kc8 Ke7 65. Bf5 Ba5 66. Kb7 Bd8 67. Kc6 h5 68. Kb5 Kd6 69. a5 h4 70. a6 Kc7 71. Bh3 Kb8 72. Kc6 Be7 73. Kd5 Ka7 74. Ke6 Bd8 75. Kf7 Kxa6 76. Ke8 Bb6 77. d8=Q Bxd8 78. Kxd8 Kb5 79. Ke7 Kc4 80. Kxf6 Kd4 81. Kg5 Ke3 82. Kg4 Kf2 83. f4 1-0


[Site "https://www.chess.com"]

[Event "Titled Tuesday Blitz March 28 Early 2023"]
[White "Yaniuk, Volodymyr"]
[Black "Lopez Del Alamo, Antonio"]
[WhiteFideId "14133083"]
[BlackFideId "2227339"]
[WhiteElo "2141"]
[BlackElo "2175"]
[Result "1-0"]
[Round "05"]
[TimeControl "180+2"]
[Date "2023.03.28"]
[WhiteClock "0:00:08"]
[BlackClock "0:00:05"]

1. d4 Nf6 2. c4 g6 3. Nc3 Bg7 4. e4 d6 5. Nf3 O-O 6. Be2 e5 7. O-O Nc6 8. d5 Ne7 9. b4 a5 10. bxa5 Rxa5 11. a4 b6 12. Nd2 c5 13. Nb3 Ra8 14. Be3 Bd7 15. Qc2 Nc8 16. Ra2 Ne8 17. Rfa1 f5 18. f3 f4 19. Bf2 g5 20. Kf1 h5 21. Nb5 g4 22. Ke1 Bf6 23. Kd2 Bh4 24. Bg1 Qg5 25. a5 bxa5 26. Nxa5 gxf3 27. gxf3 Qg2 28. Qd1 Kh8 29. Qf1 Rg8 30. Kc3 Qxf1 31. Rxf1 Bd8 32. Bxc5 Bxa5+ 33. Kd3 dxc5 34. Rfa1 Ned6 35. Rxa5 Rxa5 36. Rxa5 Bxb5 37. cxb5 Rg7 38. Kc3 Ra7 39. Ra6 Rxa6 40. bxa6 Na7 41. Kb3 Kg7 42. Ka4 Kf7 43. Ka5 Ndc8 44. Bb5 Ke7 45. Bc6 Kd6 46. Bb7 Kc7 47. Bxc8 Nxc8 48. Kb5 Kd6 49. h4 c4 50. Kxc4 Na7 51. Kb4 Kc7 52. Kc5 Nc8 53. d6+ Nxd6 54. a7 Nb7+ 55. Kd5 Na5 56. a8=Q Nc6 57. Qxc6+ 1-0


[Site "https://www.chess.com"]

[Event "Titled Tuesday Blitz March 28 Early 2023"]
[White "Jeet, Jain"]
[Black "Stalri"]
[WhiteFideId "5073022"]
[WhiteElo "2067"]
[BlackElo "2344"]
[Result "1-0"]
[Round "05"]
[TimeControl "180+2"]
[Date "2023.03.28"]
[WhiteClock "0:00:14"]
[BlackClock "0:00:30"]

1. c4 c5 2. Nc3 Nc6 3. Nf3 Nf6 4. e3 e6 5. d4 cxd4 6. Nxd4 Be7 7. Nc2 O-O 8. e4 a6 9. Be2 b5 10. cxb5 axb5 11. Bxb5 Qa5 12. Bd3 Ne5 13. Be3 Nxd3+ 14. Qxd3 Ba6 15. Qd4 Rab8 16. Rb1 Rfc8 17. b4 Qa4 18. Nxa4 Rxc2 19. Qa7 Rxb4 20. Rxb4 Bxb4+ 21. Kd1 Rc6 22. e5 Nd5 23. Qa8+ Bc8 24. Ke2 Bf8 25. Rc1 Ra6 26. Qxc8 Rxa4 27. Bc5 Rxa2+ 28. Kf1 h6 29. Qxf8+ Kh7 30. Qxf7 d6 31. exd6 Ra8 32. Bd4 Rg8 33. Rc8 Nf6 34. Bxf6 1-0


[Site "https://www.chess.com"]

[Event "Titled Tuesday Blitz March 28 Early 2023"]
[White "Cori T., Deysi"]
[Black "Shtompel, Yuriy"]
[WhiteFideId "3801934"]
[BlackFideId "14168278"]
[WhiteElo "2292"]
[BlackElo "1844"]
[Result "1/2-1/2"]
[Round "05"]
[TimeControl "180+2"]
[Date "2023.03.28"]
[WhiteClock "0:00:20"]
[BlackClock "0:00:16"]

1. b3 e5 2. Bb2 f6 3. c4 Nc6 4. Nc3 Bc5 5. e3 Nge7 6. Nge2 d6 7. d4 Bb4 8. a3 Bxc3+ 9. Bxc3 Bf5 10. Ng3 Bg6 11. h4 h5 12. Be2 exd4 13. exd4 Qd7 14. d5 Ne5 15. Nxh5 O-O-O 16. Nxg7 Nxd5 17. Bxe5 dxe5 18. Qxd5 Qxg7 19. Qe6+ Kb8 20. h5 Be4 21. Qg4 Qxg4 22. Bxg4 Bxg2 23. Rh2 Be4 24. f3 f5 25. fxe4 fxg4 26. Rd1 Rdg8 27. Kf1 c6 28. Kg2 g3 29. Rh3 Rg4 30. Re1 Rh6 31. Re3 Rg5 32. Rexg3 Rgxh5 33. Rxh5 Rxh5 34. c5 b6 35. Rg8+ Kb7 36. Rg7+ Kb8 37. cxb6 axb6 38. Re7 Kc8 39. Kg3 Kd8 40. Rb7 b5 41. a4 bxa4 42. bxa4 Rh1 43. a5 Ra1 44. Ra7 c5 45. Kg4 Kc8 46. Kf5 Kb8 47. Ra6 Kb7 48. Rb6+ Kc7 49. Kxe5 Rxa5 50. Re6 Ra1 51. Kd5 Rc1 52. Re7+ Kd8 53. Ra7 c4 54. e5 Rd1+ 55. Kxc4 Ke8 56. Kc5 Rh1 57. Kd6 Rd1+ 58. Ke6 Kf8 59. Ra8+ Kg7 60. Ke7 Re1 61. e6 Re4 62. Rd8 Re3 63. Kd7 Kf6 64. Rg8 Rd3+ 65. Kc6 Kxe6 66. Re8+ Kf5 67. Rf8+ Ke4 68. Re8+ Kf3 69. Kc5 Re3 70. Rf8+ Ke2 71. Rh8 Re4 72. Rh2+ Kf3 73. Ra2 Ke3 74. Kd5 Rf4 75. Ra3+ Kf2 76. Ke5 Rf3 77. Ra2+ Kg3 78. Ke4 Rb3 79. Ra4 Kh3 80. Ra1 Kg3 81. Rg1+ Kh2 82. Rg7 Kh3 83. Kf4 Rb4+ 84. Kf3 Rb3+ 85. Kf2 Rb2+ 86. Ke3 Rb3+ 87. Kd2 Rb2+ 88. Kc3 Re2 89. Kd3 Re8 90. Rg6 Kh4 91. Kd4 Kh3 92. Rg1 Kh4 93. Rh1+ Kg4 94. Rg1+ Kf4 95. Rf1+ Kg4 96. Kd5 Kg5 97. Kd6 Kg4 98. Kd7 Re2 99. Rg1+ Kf3 100. Rf1+ Kg4 101. Rg1+ Kf3 102. Rf1+ Kg4 1/2-1/2


[Site "https://www.chess.com"]

[Event "Titled Tuesday Blitz March 28 Early 2023"]
[White "Levitan, Caleb Levi"]
[Black "lemayvega"]
[WhiteFideId "14332620"]
[WhiteElo "1963"]
[BlackElo "2535"]
[Result "0-1"]
[Round "05"]
[TimeControl "180+2"]
[Date "2023.03.28"]
[WhiteClock "0:00:03"]
[BlackClock "0:00:20"]

1. e4 c5 2. Nf3 Nc6 3. Nc3 e5 4. Bc4 Be7 5. d3 d6 6. O-O Nf6 7. Ng5 O-O 8. f4 h6 9. Nf3 exf4 10. Bxf4 Be6 11. Qd2 Nh7 12. Rae1 Ng5 13. Nxg5 Bxg5 14. Nd5 Bxf4 15. Nxf4 Qg5 16. Qf2 Bxc4 17. dxc4 Ne5 18. b3 Rae8 19. Rd1 Ng4 20. Qf3 Nf6 21. Rfe1 Qe5 22. Rd3 Nxe4 23. Rde3 f5 24. Ng6 Qd4 25. Nxf8 Rxf8 26. c3 Nxc3 27. Kh1 Ne4 28. Rd1 Qb2 29. Kg1 Qxa2 30. Qe2 Qxe2 31. Rxe2 Nc3 32. Red2 Nxd1 33. Rxd1 Rf6 34. Kf2 Kf7 35. Ke3 Ke6 36. Kf3 g5 37. Ra1 a6 38. Re1+ Kd7 39. Rd1 Re6 40. Rd5 Re5 41. Rd1 Kc6 42. g4 fxg4+ 43. Kxg4 d5 44. Kh5 dxc4 45. bxc4 Re6 46. Rd8 b5 47. Rc8+ Kb6 48. cxb5 axb5 49. Rb8+ Ka5 50. Rc8 Kb4 51. Rf8 c4 52. Rf1 c3 53. Rb1+ Kc4 54. Kg4 b4 55. Kf5 Rb6 56. Kg4 c2 57. Rc1 b3 58. Kh5 Kc3 59. h4 b2 0-1


[Site "https://www.chess.com"]

[Event "Titled Tuesday Blitz March 28 Early 2023"]
[White "Girya, Olga"]
[Black "Ruge, Edison"]
[WhiteFideId "4195752"]
[BlackFideId "4401000"]
[WhiteElo "2263"]
[BlackElo "2175"]
[Result "1-0"]
[Round "05"]
[TimeControl "180+2"]
[Date "2023.03.28"]
[WhiteClock "0:00:03"]
[BlackClock "0:00:11"]

1. d4 Nf6 2. Nf3 g6 3. Bg5 Bg7 4. Nbd2 h6 5. Bh4 d6 6. c3 b6 7. e4 Bb7 8. Bd3 Nfd7 9. O-O g5 10. Bg3 e5 11. dxe5 dxe5 12. Nc4 Qe7 13. Ne3 Bf6 14. Nd5 Qd8 15. Re1 Nc6 16. Bb5 Bg7 17. Qa4 O-O 18. Bxc6 Nc5 19. Qc4 Bxc6 20. b4 Bxd5 21. exd5 Nd7 22. Nxe5 Nxe5 23. Bxe5 Rc8 24. Bxg7 Kxg7 25. Qd4+ f6 26. Re6 Rf7 27. Rd1 Qd7 28. h4 Re8 29. Rde1 Rxe6 30. Rxe6 Qa4 31. Qd2 Qb5 32. h5 Qc4 33. Qc2 f5 34. Qd2 1-0


[Site "https://www.chess.com"]

[Event "Titled Tuesday Blitz March 28 Early 2023"]
[White "monkins"]
[Black "Arias, Juan Cruz"]
[BlackFideId "118540"]
[WhiteElo "2281"]
[BlackElo "2243"]
[Result "0-1"]
[Round "05"]
[TimeControl "180+2"]
[Date "2023.03.28"]
[WhiteClock "0:00:08"]
[BlackClock "0:00:28"]

1. Nf3 d5 2. c4 e6 3. g3 Nf6 4. Bg2 dxc4 5. Qa4+ Bd7 6. Qxc4 c5 7. d4 b5 8. Qc2 Na6 9. O-O Rc8 10. Qd1 c4 11. Bf4 Be7 12. Nbd2 O-O 13. e4 b4 14. Ne5 Bb5 15. Be3 c3 16. bxc3 bxc3 17. Nb3 Bxf1 18. Qxf1 Nb4 19. Qe2 Nd7 20. Nc4 Nb6 21. Nca5 Qd7 22. Rc1 Na4 23. d5 exd5 24. exd5 Bd6 25. Nc6 Rfe8 26. Qb5 Nb6 27. Bxb6 axb6 28. Qxb6 Nd3 29. Rxc3 Re1+ 30. Bf1 Qh3 31. Nd2 Nf4 32. Re3 Qg2# 0-1


[Site "https://www.chess.com"]

[Event "Titled Tuesday Blitz March 28 Early 2023"]
[White "Shevtchenko, Olesya"]
[Black "babbilator"]
[WhiteFideId "24131890"]
[WhiteElo "2003"]
[BlackElo "2247"]
[Result "1-0"]
[Round "05"]
[TimeControl "180+2"]
[Date "2023.03.28"]
[WhiteClock "0:00:22"]
[BlackClock "0:00:04"]

1. e4 c5 2. Nf3 e6 3. c3 d5 4. exd5 Qxd5 5. d4 Nf6 6. Be2 Be7 7. O-O O-O 8. c4 Qd8 9. dxc5 Bxc5 10. Nc3 a6 11. a3 Qc7 12. b4 Be7 13. Bb2 b6 14. Rc1 Bb7 15. Qb3 Nbd7 16. Rfd1 Rfd8 17. h3 Rac8 18. Na4 Bc6 19. Nd4 Bb7 20. Qe3 Nf8 21. c5 bxc5 22. Nxc5 Bxc5 23. Rxc5 Qb8 24. Rdc1 N6d7 25. Nc6 Bxc6 26. Rxc6 Rxc6 27. Rxc6 a5 28. b5 Ng6 29. a4 Nf6 30. g3 Nd5 31. Qc1 Nb4 32. Rc7 h6 33. Bf3 Qb6 34. Qc5 Qb8 35. Bc3 Nd5 36. Bxd5 exd5 37. Qa7 Qxa7 38. Rxa7 d4 39. Bxa5 1-0


[Site "https://www.chess.com"]

[Event "Titled Tuesday Blitz March 28 Early 2023"]
[White "Alinasab, Mobina"]
[Black "Quirke, Jeffrey"]
[WhiteFideId "12528897"]
[BlackFideId "2013029"]
[WhiteElo "2141"]
[BlackElo "2234"]
[Result "1-0"]
[Round "05"]
[TimeControl "180+2"]
[Date "2023.03.28"]
[WhiteClock "0:01:41"]
[BlackClock "0:01:49"]

1. Nf3 g6 2. d4 Bg7 3. g3 Nf6 4. Bg2 O-O 5. O-O d6 6. b3 c5 7. Bb2 cxd4 8. Nxd4 Qb6 9. c4 Nc6 10. Nxc6 bxc6 11. Nc3 Bb7 12. Rc1 c5 13. Bxb7 Qxb7 14. Qd3 a5 15. Rc2 Nd7 16. Nd5 Rfe8 17. Qe4 Nb6 18. Nf6+ 1-0


[Site "https://www.chess.com"]

[Event "Titled Tuesday Blitz March 28 Early 2023"]
[White "Delorme, Alban"]
[Black "Arencibia Monduy, Antonio"]
[WhiteFideId "623636"]
[BlackFideId "3507939"]
[WhiteElo "2196"]
[BlackElo "2520"]
[Result "1-0"]
[Round "05"]
[TimeControl "180+2"]
[Date "2023.03.28"]
[WhiteClock "0:00:12"]
[BlackClock "0:00:01"]

1. e4 e6 2. d4 d5 3. Nc3 dxe4 4. Nxe4 Nd7 5. Nf3 Ngf6 6. Nxf6+ Nxf6 7. Bd3 Be7 8. c3 O-O 9. O-O b6 10. Qe2 Bb7 11. Bg5 h6 12. Bxf6 Bxf6 13. Be4 Bxe4 14. Qxe4 Qd5 15. Qe2 Rfd8 16. a4 c5 17. dxc5 Qxc5 18. Rfd1 Qc6 19. a5 Rxd1+ 20. Qxd1 bxa5 21. Rxa5 Qb6 22. Ra2 e5 23. Qe2 Qe6 24. Ra4 Qb3 25. Re4 Rd8 26. g3 Rd5 27. Kg2 a5 28. Nxe5 Bxe5 29. Rxe5 Rxe5 30. Qxe5 Qb7+ 31. Kg1 Qxb2 32. Qxa5 Qb1+ 33. Kg2 Qe4+ 34. Kg1 Qe1+ 35. Kg2 Qe4+ 36. Kf1 Qb1+ 37. Ke2 Qc2+ 38. Ke3 Qc1+ 39. Kf3 Qd1+ 40. Kg2 Qd3 41. Qa8+ Kh7 42. Qc6 g6 43. c4 h5 44. h4 Kg7 45. c5 Qf5 46. Qd6 1-0


[Site "https://www.chess.com"]

[Event "Titled Tuesday Blitz March 28 Early 2023"]
[White "Sanchez, German"]
[Black "Karamsetty, Jeevan"]
[WhiteFideId "4403959"]
[BlackFideId "2025337"]
[WhiteElo "1816"]
[BlackElo "2111"]
[Result "0-1"]
[Round "05"]
[TimeControl "180+2"]
[Date "2023.03.28"]
[WhiteClock "0:00:17"]
[BlackClock "0:00:14"]

1. e4 g6 2. Nf3 d6 3. d4 Nf6 4. Nc3 Bg7 5. h4 h5 6. Bc4 Nc6 7. Ng5 e6 8. d5 Ne5 9. Bb3 exd5 10. Nxd5 O-O 11. Bf4 Nxd5 12. Bxd5 c6 13. Bb3 Qf6 14. Qd2 b5 15. O-O-O Nc4 16. e5 dxe5 17. Bxc4 exf4 18. Bxf7+ Rxf7 19. Qd8+ Rf8 20. Qxf6 Bxf6 21. Rd6 Bf5 22. Rxc6 Rac8 23. Rxc8 Rxc8 24. c3 b4 25. Kd2 bxc3+ 26. bxc3 Bxc3+ 27. Ke2 Re8+ 28. Kf3 Bg4+ 29. Kxf4 Be5+ 30. Ke3 Bg3+ 31. Kd2 Bxf2 32. Kc3 Re2 33. a4 a5 34. Kc4 Rb2 35. Kd5 Kg7 36. Rc1 Rb7 37. Kc6 Re7 38. Rf1 Bxh4 39. Nf3 Bxf3+ 40. gxf3 Bf6 41. f4 h4 42. Kb5 Ra7 43. Kb6 Ra8 44. Rd1 h3 45. Rd7+ Kh6 46. Rd3 Kh5 47. Rxh3+ Kg4 48. Rb3 Kxf4 49. Kc6 g5 50. Kd5 g4 51. Ke6 Bd4 52. Rb1 Be3 53. Kd5 g3 54. Rf1+ Bf2 55. Kc4 Kf3 56. Kd3 g2 57. Rb1 g1=Q 58. Rxg1 Bxg1 59. Kc4 Be3 60. Kb5 Bd2 61. Kb6 Bb4 62. Kb7 Rg8 63. Kb6 Rg1 64. Kb5 Ra1 65. Kc4 Rxa4 66. Kb5 Ra2 67. Kc4 Rc2+ 68. Kb3 Rc8 69. Ka4 Be7 70. Kb3 Ke4 71. Ka4 Kd5 72. Kb5 Rb8+ 73. Ka4 Kc5 74. Kxa5 Ra8# 0-1


[Site "https://www.chess.com"]

[Event "Titled Tuesday Blitz March 28 Early 2023"]
[White "Devaev, Alexander"]
[Black "lolliNOPE"]
[WhiteFideId "4169395"]
[WhiteElo "2225"]
[BlackElo "2075"]
[Result "1-0"]
[Round "05"]
[TimeControl "180+2"]
[Date "2023.03.28"]
[WhiteClock "0:00:39"]
[BlackClock "0:00:26"]

1. d4 d5 2. c4 e6 3. Nc3 Nf6 4. Bg5 Be7 5. e3 O-O 6. Nf3 b6 7. a3 Bb7 8. Bxf6 Bxf6 9. cxd5 exd5 10. Qb3 Re8 11. Rd1 a5 12. Bd3 Na6 13. O-O c5 14. Qc2 g6 15. dxc5 bxc5 16. Rfe1 Nc7 17. e4 d4 18. Bc4 Ne6 19. Nd5 Bxd5 20. Bxd5 Rb8 21. Bxe6 Rxe6 22. Qxc5 Rxb2 23. e5 Be7 24. Qc1 Qb6 25. Nxd4 Bc5 26. Nxe6 fxe6 27. Kh1 Rxf2 28. Rf1 Re2 29. Qg5 1-0


[Site "https://www.chess.com"]

[Event "Titled Tuesday Blitz March 28 Early 2023"]
[White "Kucuksari, Kaan"]
[Black "Saya, Ethan"]
[WhiteFideId "6380166"]
[BlackFideId "26095181"]
[WhiteElo "2364"]
[BlackElo "2150"]
[Result "0-1"]
[Round "05"]
[TimeControl "180+2"]
[Date "2023.03.28"]
[WhiteClock "0:01:52"]
[BlackClock "0:00:35"]

1. d4 Nf6 2. Bg5 Ne4 3. Bf4 c5 4. d5 d6 5. Nd2 Nxd2 6. Qxd2 Nd7 7. e4 g6 8. Bh6 Qb6 9. O-O-O Ne5 10. Bxf8 Kxf8 11. Qh6+ Kg8 12. Be2 Bd7 13. f4 Ng4 14. Bxg4 Bxg4 15. Nf3 c4 16. c3 Qe3+ 17. Rd2 Bxf3 18. gxf3 Qxf3 19. Re1 b5 20. e5 b4 21. cxb4 c3 22. bxc3 Qxc3+ 23. Kd1 Qf3+ 24. Kc2 Rc8+ 25. Kb1 Qc3 26. f5 Qxb4+ 27. Ka1 Qc3+ 28. Kb1 Rb8+ 0-1


[Site "https://www.chess.com"]

[Event "Titled Tuesday Blitz March 28 Early 2023"]
[White "Orlov, Georgi"]
[Black "Kashtanov, Ruslan"]
[WhiteFideId "2011271"]
[BlackFideId "4124871"]
[WhiteElo "2590"]
[BlackElo "2276"]
[Result "1-0"]
[Round "05"]
[TimeControl "180+2"]
[Date "2023.03.28"]
[WhiteClock "0:00:52"]
[BlackClock "0:00:05"]

1. d4 Nf6 2. Nf3 e6 3. c4 c5 4. d5 b5 5. Bg5 exd5 6. cxd5 d6 7. e4 Nbd7 8. Bxb5 Qa5+ 9. Nc3 Nxe4 10. Qe2 f5 11. O-O Kf7 12. Nxe4 fxe4 13. Bd2 Qb6 14. Ng5+ Kg8 15. Qxe4 Nf6 16. Be8 g6 17. Bf7+ Kg7 18. Bc3 Bf5 19. Qf3 h6 20. Bxf6+ Kxf6 21. Qc3+ Kxg5 22. Qxh8 Qd8 23. Qc3 h5 24. Rae1 Qf6 25. Qe3+ 1-0


[Site "https://www.chess.com"]

[Event "Titled Tuesday Blitz March 28 Early 2023"]
[White "Demin, Vladimir"]
[Black "Nunez V, Gustavo Eduardo"]
[WhiteFideId "4167457"]
[BlackFideId "4403690"]
[WhiteElo "2588"]
[BlackElo "2228"]
[Result "1-0"]
[Round "05"]
[TimeControl "180+2"]
[Date "2023.03.28"]
[WhiteClock "0:00:20"]
[BlackClock "0:00:16"]

1. e4 c5 2. Nf3 Nc6 3. c3 Nf6 4. e5 Nd5 5. d4 cxd4 6. cxd4 d6 7. Bc4 Nb6 8. Bb5 dxe5 9. Nxe5 Bd7 10. Nc3 Nxe5 11. dxe5 Bxb5 12. Nxb5 Qxd1+ 13. Kxd1 O-O-O+ 14. Ke2 a6 15. Be3 Nd5 16. Rac1+ Kb8 17. Ba7+ Ka8 18. Rhd1 axb5 19. Bb6 Nxb6 20. Rxd8+ Ka7 21. Rc3 b4 22. Rf3 f6 23. e6 g5 24. Rf5 Ka6 25. h4 h6 26. Rc5 Bg7 27. Rxh8 Bxh8 28. Rc7 Nd5 29. Rd7 Nf4+ 30. Ke3 f5 31. g3 Nxe6 32. Rxe7 f4+ 33. Ke4 Nc5+ 34. Kd5 b6 35. Rh7 Bxb2 36. Rxh6 fxg3 37. fxg3 gxh4 38. gxh4 Kb5 39. h5 Bc1 40. Rg6 b3 41. axb3 Nxb3 42. Rg3 Nc5 43. Rg1 Be3 44. Rb1+ Ka5 45. Kc4 Na4 46. Rb5+ Ka6 47. Re5 Bd2 48. Rd5 Bc1 49. Rd6 Ka5 50. Rd5+ Ka6 51. Rd8 Bg5 52. Rg8 Kb7 53. Rxg5 Ka6 54. h6 Nb2+ 55. Kb3 Nd3 56. h7 Nc5+ 57. Rxc5 bxc5 58. h8=Q Kb5 59. Qb8+ Kc6 60. Kc4 Kd7 61. Qb5+ Ke6 62. Qxc5 Kf6 63. Qd5 Kg6 64. Kd4 Kh6 65. Ke4 Kg6 66. Kf4 Kh7 67. Qe6 Kh8 68. Qe7 Kg8 69. Kg5 Kh8 70. Kg6 Kg8 71. Qe8# 1-0


[Site "https://www.chess.com"]

[Event "Titled Tuesday Blitz March 28 Early 2023"]
[White "Tarasova, Viktoriya"]
[Black "Rosen, Eric"]
[WhiteFideId "4175840"]
[BlackFideId "2032562"]
[WhiteElo "2182"]
[BlackElo "2331"]
[Result "0-1"]
[Round "05"]
[TimeControl "180+2"]
[Date "2023.03.28"]
[WhiteClock "0:00:16"]
[BlackClock "0:00:12"]

1. d4 d5 2. c4 e6 3. Nc3 Nf6 4. cxd5 exd5 5. Bg5 c6 6. Qc2 Bd6 7. e3 O-O 8. Bd3 h6 9. Bh4 Re8 10. Nge2 a5 11. Bg3 Na6 12. a3 Nc7 13. O-O Ne6 14. Bxd6 Qxd6 15. Ng3 g6 16. Rae1 Kg7 17. h3 h5 18. f4 h4 19. Nge2 Nc7 20. Rf3 Nh5 21. f5 g5 22. e4 f6 23. Qd2 dxe4 24. Nxe4 Qd8 25. g4 hxg3 26. N4xg3 Nxg3 27. Rxg3 Rh8 28. Kh2 Qd6 29. Rg1 Bd7 30. Nc3 Qxd4 31. Rxg5+ fxg5 32. Qxg5+ Kf8 33. Ne2 Qe5+ 34. Nf4 Nd5 35. Rg4 Nxf4 36. Rxf4 Qxb2+ 37. Kg3 Re8 38. f6 Re3+ 39. Rf3 Rxh3+ 0-1


[Site "https://www.chess.com"]